 Dungeon Crawl Stone Soup version 0.26.1-11-gd32895ea62 (webtiles) character file.

Game seed: 5088757588332993382

2139 Eitelfritz the Carver (level 9, 0/66 HPs)
             Began as a Minotaur Gladiator on May 8, 2021.
             Was a Believer of Hepliaklqana.
             Slain by a centaur (5 damage)
             ... on level 8 of the Dungeon.
             The game lasted 00:14:49 (7803 turns).

Eitelfritz the Carver (Minotaur Gladiator)          Turns: 7803, Time: 00:14:49

Health: 0/66       AC:  9    Str: 27    XL:     9   Next: 9%
Magic:  8/8        EV: 14    Int:  8    God:    Hepliaklqana [**....]
Gold:   398        SH:  8    Dex: 18    Spells: 8/8 levels left

rFire    + . .     SeeInvis .   a - +1 long sword
rCold    . . .     Faith    .   o - +3 buckler "Taaryf" {rF+ Int+2}
rNeg     . . .     Spirit   .   A - +0 scale mail
rPois    .         Reflect  .   c - +2 hat
rElec    .         Harm     .   (no cloak)
rCorr    .         Rampage  .   (no gloves)
Will     .....                  (no boots)
Stlth    +.........             (no amulet)
HPRegen  0.21/turn              l - +6 ring of strength
MPRegen  0.11/turn              r - +6 ring of dexterity

@: no status effects
A: retaliatory headbutt, reduced essence, horns 2
a: Renounce Religion, Recall Ancestor, Ancestor Identity


You were on level 8 of the Dungeon.
You worshipped Hepliaklqana.
Hepliaklqana was pleased with you.
You visited 2 branches of the dungeon, and saw 9 of its levels.

You collected 398 gold pieces.

Inventory:

Hand Weapons
 a - a +1 long sword (weapon)
 b - a +0 hand crossbow
 u - a +0 flail
 x - a +0 falchion of holy wrath
Missiles
 d - 2 throwing nets (quivered)
 h - 77 bolts
 i - 29 poisoned darts
 p - 4 silver boomerangs
 z - 30 boomerangs
 C - 5 javelins
Armour
 c - a +2 hat (worn)
 o - the +3 buckler "Taaryf" (worn) {rF+ Int+2}
   (You found it on level 4 of the Dungeon)

   It affects your intelligence (+2).
   It protects you from fire.
 A - a +0 scale mail (worn)
Jewellery
 l - a +6 ring of strength (left hand)
 m - an uncursed ring of protection from fire
 r - a +6 ring of dexterity (right hand)
Wands
 t - a wand of random effects (39)
 y - a wand of acid (13)
 D - a wand of paralysis (6)
Scrolls
 e - 5 scrolls of remove curse
 j - a scroll of enchant weapon
 k - 5 scrolls of identify
 B - 2 scrolls of enchant armour
 E - a scroll of teleportation
 F - a scroll of silence {unknown}
Potions
 f - 3 potions of resistance
 g - 2 potions of might
 n - 2 potions of heal wounds
 q - 3 potions of curing
 s - a potion of brilliance
 v - a potion of cancellation
 w - a potion of mutation


   Skills:
 + Level 5.4 Fighting
 + Level 9.4 Long Blades
 + Level 3.3 Crossbows
 + Level 2.3 Throwing
 + Level 5.3 Armour
 + Level 5.2 Dodging
 + Level 3.2 Stealth
 + Level 3.6 Shields


You had 8 spell levels left.
You didn't know any spells.
Your spell library contained the following spells:

 Spells                   Type           Power        Failure   Level
 Magic Dart               Conj           0%           67%         1
 Blink                    Tloc           N/A          82%         2
 Call Imp                 Summ           0%           82%         2
 Slow                     Hex            0%           82%         2
 Conjure Flame            Conj/Fire      0%           96%         3
 Mephitic Cloud           Conj/Pois/Air  0%           96%         3


Dungeon Overview and Level Annotations

Branches:
Dungeon (8/15)             Temple (1/1) D:4
   Lair: D:8-11

Altars:
Ashenzari
Cheibriados
Dithmenos
Elyvilon
Fedhas
Gozag
Hepliaklqana
Kikubaaqudgha
Makhleb
Nemelex Xobeh
Okawaru
Qazlal
Ru
Sif Muna
Trog
Uskayaw
Vehumet
Wu Jian
Xom
Yredelemnul
Zin
The Shining One

Annotations:
D:3 2 transporters
D:7 3 runed translucent doors, keat06's ghost, novice MiFi
D:8 Harold


Innate Abilities, Weirdness & Mutations

You reflexively headbutt those who attack you in melee.
You have a pair of horns on your head.
Your life essence is reduced to manifest your ancestor. (-10% HP)


Message History

Harold is severely wounded.
The centaur hits you. The centaur hits you! Harold hits you but does no damage.
You slash Harold! Your headbutt misses Harold.
Harold is severely wounded.
The centaur hits you.
You slash Harold!
Harold is almost dead.
The centaur closely misses you. Harold hits you with a +0 hand axe.
You block the centaur's attack.
You hit Harold.
Harold is almost dead.
Harold hits you with a +0 hand axe!
* * * LOW HITPOINT WARNING * * *
The centaur hits you.
* * * LOW HITPOINT WARNING * * *
You closely miss Harold. You headbutt Harold, but do no damage.
Harold is almost dead.
The centaur hits you but does no damage.
You block Harold's attack. The centaur hits you.
You die...

#.# #.# #.# #.#
#.# #.# ##.##
#.#
##...######.##
#............#
#....######..#
####(#@##
#..R..#
#...c@.(#
#.###.#
#.#####.###.#
#.###### #
#.##..###.......
#(.........#####
#.##.####..# #.
#.##.####..####.
..<........(..
.#######..#####
.......)..# #


You could see Harold (drained) and a centaur.

Vanquished Creatures
  Prince Ribbit (D:7)
  2 ice beasts
  An orc warrior (D:6)
  2 sky beasts (D:7)
  2 ogres
  A phantom (D:5)
  2 bullfrogs (D:6)
  A wyvern zombie (D:7)
  4 scorpions
  A centaur zombie (D:6)
  A bullfrog zombie (D:6)
  A gnoll shaman (D:7)
  2 hounds
  5 orc wizards
  An orc priest (D:6)
  An iguana (D:6)
  3 worker ants (D:4)
  A killer bee zombie (D:6)
  A worker ant zombie (D:5)
  A howler monkey zombie (D:5)
  Robin (D:4)
  5 gnolls (D:7)
  A howler monkey skeleton (D:4)
  8 adders
  A shadow imp (D:5)
  2 oozes
  3 worms
  3 dart slugs
  7 leopard geckos
  23 orcs
  15 bats
  5 giant cockroaches
  17 goblins
  14 hobgoblins
  10 jackals
  2 quokkas
  4 ball pythons
  11 frilled lizards
  A jackal skeleton (D:7)
  6 kobolds
  9 rats
182 creatures vanquished.

Vanquished Creatures (collateral kills)
  2 adders
  An ufetubus (D:8)
  A worm (D:5)
  2 orcs (D:6)
  A frilled lizard (D:4)
7 creatures vanquished.

Vanquished Creatures (others)
  A hexer (D:8)
1 creature vanquished.

Grand Total: 190 creatures vanquished

Notes
Turn   | Place    | Note
-------+----------+-------------------------------------------
     0 | D:1      | Eitelfritz the Minotaur Gladiator began the quest for the
                  | Orb.
     0 | D:1      | Reached XP level 1. HP: 18/18 MP: 0/0
   305 | D:1      | Reached XP level 2. HP: 25/25 MP: 1/1
   326 | D:1      | Reached skill level 4 in Long Blades
   918 | D:1      | Reached XP level 3. HP: 30/30 MP: 2/2
  1707 | D:2      | Reached skill level 1 in Armour
  1802 | D:2      | Reached XP level 4. HP: 36/37 MP: 3/3
  2047 | D:2      | Reached skill level 5 in Long Blades
  2509 | D:3      | Found a faded altar of an unknown god.
  2511 | D:3      | Found a transporter.
  2654 | D:3      | Reached XP level 5. HP: 39/45 MP: 4/4
  2856 | D:3      | Found a transporter.
  2866 | D:3      | Noticed a kobold demonologist
  3014 | D:3      | Found an opulent altar of Gozag.
  3272 | D:3      | Reached skill level 6 in Long Blades
  3682 | D:4      | Got a crude buckler
  3688 | D:4      | Identified the +3 buckler "Taaryf" {rF+ Int+2} (You found
                  | it on level 4 of the Dungeon)
  3714 | D:4      | Reached XP level 6. HP: 51/51 MP: 5/5
  4101 | D:4      | Noticed Robin
  4126 | D:4      | Killed Robin
  4342 | D:4      | Found a staircase to the Ecumenical Temple.
  4356 | D:4      | Reached skill level 1 in Crossbows
  4356 | D:4      | Reached XP level 7. HP: 58/59 MP: 6/6
  4395 | Temple   | Entered the Ecumenical Temple
  4581 | Temple   | Became a worshipper of Hepliaklqana the Forgotten
  4619 | D:4      | Reached skill level 1 in Stealth
  4942 | D:5      | Entered Level 5 of the Dungeon
  4951 | D:5      | Reached skill level 1 in Shields
  5099 | D:5      | Found a broken altar of Ashenzari.
  5109 | D:5      | Found a radiant altar of Vehumet.
  5111 | D:5      | Reached skill level 7 in Long Blades
  5163 | D:5      | Found a bloodstained altar of Trog.
  5163 | D:5      | Found a blossoming altar of Fedhas.
  5197 | D:5      | Found a hide-covered altar of Uskayaw.
  5230 | D:5      | Reached * piety under Hepliaklqana
  5448 | D:5      | Found a glowing silver altar of Zin.
  5830 | D:6      | Reached XP level 8. HP: 22/60 MP: 7/7
  5832 | D:6      | Reached skill level 5 in Dodging
  6259 | D:6      | Reached skill level 8 in Long Blades
  6938 | D:7      | Reached skill level 5 in Fighting
  7017 | D:7      | Reached ** piety under Hepliaklqana
  7123 | D:7      | Noticed Prince Ribbit
  7129 | D:7      | Killed Prince Ribbit
  7130 | D:7      | Reached skill level 9 in Long Blades
  7130 | D:7      | Reached skill level 5 in Armour
  7169 | D:7      | Reached XP level 9. HP: 66/66 MP: 8/8
  7169 | D:7      | Remembered your ancestor Imgur-Sin as a hexer
  7449 | D:7      | Found a runed translucent gate.
  7449 | D:7      | Identified the +6 whip of Articulation {venom, +Rage rElec
                  | Will++ Stlth-}
  7450 | D:7      | Found a runed translucent gate.
  7451 | D:7      | Found a runed translucent gate.
  7451 | D:7      | Noticed a kobold demonologist
  7454 | D:7      | Noticed keat06's ghost (novice MiFi)
  7779 | D:8      | Noticed Harold
  7803 | D:8      | Slain by a centaur

Illustrated notes

Levels and vault maps discovered:
D:1:      kennysheep_arrival_forest, layout_basic, st_stairs_7
D:2:      minmay_spotlight, layout_loops_ring, kennysheep_nondescript
D:3:      gammafunk_wand_slinger, layout_basic,
          chequers_ecumenical_altar_simple,
          nicolae_gozag_cash_rules_everything_around_me
D:4:      layout_loops_corners, temple_fountains, dk_rats_in_the_wall,
          uniq_robin
D:5:      layout_basic, zin_statuary, kennysheep_mini_moat,
          grunt_temple_overflow_open, st_stairs_2
D:6:      layout_basic
D:7:      layout_loops_ring, gammafunk_ghost_nasty_kobolds, uniq_prince_ribbit1
D:8:      layout_loops_ring, minmay_guarded_unrand_finisher, uniq_grum,
          uniq_harold
Temple:   regret_index_temple_sphere_string

Skill      XL: |  1  2  3  4  5  6  7  8 |
---------------+-------------------------+-----
Long Blades    | 4 5 6 7 9 |  9.4
Armour         | 1 2 3 4 5 |  5.3
Fighting       | 3 4 5 |  5.4
Dodging        | 4 5 |  5.2
Crossbows      | 1 3 |  3.3
Stealth        | 1 3 |  3.2
Shields        | 2 3 |  3.6
Throwing       | |  2.3

Action                   |  1- 3 |  4- 6 |  7- 9 || total
-------------------------+-------+-------+-------++-------
Melee: Long sword        |    69 |   118 |   169 ||   356
       Headbutt          |    18 |    35 |    54 ||   107
 Fire: Hand crossbow     |       |    12 |     7 ||    19
Throw: Throwing net      |       |       |     1 ||     1
Invok: Ancestor Life: He |       |       |     1 ||     1
  Use: Scroll            |       |    14 |     3 ||    17
 Stab: Distracted        |       |       |     3 ||     3
Armor: Leather armour    |    19 |     9 |       ||    28
       Scale mail        |       |    17 |    51 ||    68
Dodge: Dodged            |    66 |   101 |    87 ||   254
Block: Buckler           |       |    18 |    70 ||    88
       Rpst.: Long sword |    23 |    29 |    22 ||    74
